 Dungeon Crawl Stone Soup version 0.26.0-10-g1f06aea511 (webtiles) character file.

Game seed: 15859097207883167964

29 nightchill the Digger (level 3, 20/20 HPs)
             Began as a Gargoyle Earth Elementalist on Jan 29, 2021.
             Got out of the dungeon alive.
             The game lasted 00:03:23 (1283 turns).

nightchill the Digger (Gargoyle Earth Elementalist) Turns: 1283, Time: 00:03:23

Health: 20/20      AC:  5    Str: 12    XL:     3   Next: 16%
Magic:  6/6        EV: 12    Int: 15    God:
Gold:   19         SH:  0    Dex: 10    Spells: 3/6 levels left

rFire    . . .     SeeInvis .   s - +0 club
rCold    . . .     Faith    .   (no shield)
rNeg     + . .     Spirit   .   c - +0 robe
rPois    ∞         Reflect  .   (no helmet)
rElec    +         Harm     .   (no cloak)
rCorr    .         Rampage  .   (no gloves)
Will     .....                  (no boots)
Stlth    ++........             (no amulet)
HPRegen  0.06/turn              (no ring)
MPRegen  0.10/turn              (no ring)

@: no status effects
A: negative energy resistance 1, electricity resistance, unbreathing,
petrification resistance, miasma immunity, AC +3
a: no special abilities


You escaped.
You visited 1 branch of the dungeon, and saw 1 of its levels.

You collected 19 gold pieces.

Inventory:

Hand Weapons
 s - a +0 club (weapon)
Missiles
 b - 31 stones
Armour
 c - a +0 robe (worn)
Jewellery
 a - a cursed ring of willpower {unknown}
 d - a +4 ring of evasion {unknown}
 e - an uncursed ring of resist corrosion
Scrolls
 g - a scroll of teleportation {unknown}
 h - 2 scrolls of identify {unknown}
Potions
 f - a potion of mutation {unknown}
 i - a potion of lignification {unknown}


   Skills:
 + Level 0.9 Fighting
 * Level 1.3 Maces & Flails
 - Level 1.5 Dodging
 - Level 2.1 Stealth
 + Level 2.2 Spellcasting
 - Level 0.7 Transmutations
 * Level 4.2 Earth Magic


You had 3 spell levels left.
You knew the following spells:

 Your Spells              Type           Power        Failure   Level
a - Sandblast             Erth           28%          3%          1
b - Passwall              Tmut/Erth      7%           12%         2

Your spell library contained the following spells:

 Spells                   Type           Power        Failure   Level
 Stone Arrow              Conj/Erth      16%          26%         3
 Petrify                  Tmut/Erth      9%           61%         4
 Lee's Rapid Deconstruct  Erth           7%           71%         5


Dungeon Overview and Level Annotations

Branches:
Dungeon (1/15)

Altars:


Innate Abilities, Weirdness & Mutations

You are resistant to torment.
Your stone body is resilient. (AC +3)
You are immune to poison.
You resist negative energy. (rN+)
You are resistant to electric shocks. (rElec)
You can survive without breathing.
You are immune to petrification.
You are immune to miasma.


Message History

You start resting.
HP restored.
There is an open door here.
Things that are here:
a jackal corpse; a jackal skeleton
Found a dagger.
Found a robe.
You see here a dagger.
You open the door.
There is a stone staircase leading down here.
Things that are here:
a jackal skeleton; a jackal skeleton
There is an open door here.
You see here a +0 club.
You see here a +0 dagger.
There is an open door here.
There is a dry fountain here.
There is a staircase leading out of the dungeon here.
Are you sure you want to leave the Dungeon?
This will make you lose the game!
You have escaped!

#########
#...#...#
#.⌠...⌠.#
#...#...#
##.###.## #.# #.#
##.###.##
#...#...#
#.@.#.⌠.# ###
#...#...# #..
##.###.## #.. #.#
#.# #.. #.###.##
#.. ...#...### #..
.⌠.#.⌠.'.#######..
...#...#...)...)..
#############..


There were no monsters in sight!

Vanquished Creatures
  A dart slug (D:1)
  2 leopard geckos (D:1)
  A giant cockroach (D:1)
  6 goblins (D:1)
  2 hobgoblins (D:1)
  2 jackals (D:1)
  6 kobolds (D:1)
  A rat (D:1)
21 creatures vanquished.

Vanquished Creatures (others)
  10 plants (D:1)
10 creatures vanquished.

Grand Total: 31 creatures vanquished

Notes
Turn   | Place    | Note
-------+----------+-------------------------------------------
     0 | D:1      | nightchill the Gargoyle Earth Elementalist began the quest
                  | for the Orb.
     0 | D:1      | Reached XP level 1. HP: 10/10 MP: 3/3
   205 | D:1      | Reached XP level 2. HP: 15/15 MP: 5/5
   208 | D:1      | Reached skill level 4 in Earth Magic
   212 | D:1      | Learned a level 2 spell: Passwall
   486 | D:1      | Reached skill level 1 in Maces & Flails
   952 | D:1      | Reached XP level 3. HP: 7/20 MP: 4/6
  1283 | D:$      | Got out of the dungeon alive.

Illustrated notes

Levels and vault maps discovered:
D:1:      minmay_arrival_nine_rooms, layout_basic, chequers_big_river

Skill      XL: |  1  2 |
---------------+-------+-----
Earth Magic    | 4 |  4.2
Maces & Flails | 1 |  1.3
Fighting       | |  0.9
Dodging        | |  1.5
Stealth        | |  2.1
Spellcasting   | |  2.2
Transmutations | |  0.7

Action                   || total
-------------------------++-------
Melee: Club              ||   102
       Unarmed           ||     1
 Cast: Sandblast         ||     6
 Stab: Sleeping          ||     1
Armor: Robe              ||    27
Dodge: Dodged            ||    81
